 Dungeon Sprint DCSS version 0.31-a0-1469-gd420192249 (webtiles) character file.

Game seed: 1885003883936075985

3 fozzywoppz the Sneak (level 1, -5/13 HPs)
             Began as a Spriggan Enchanter on Dec 28, 2023.
             Slain by a wolf (10 damage)
             ... in the Dungeon (Sprint III: "The Ten Rune Challenge").
             The game lasted 00:00:46 (63 turns).

fozzywoppz the Sneak (Spriggan Enchanter)             Turns: 63, Time: 00:00:47

Health: -5/13      AC:  2    Str:  4    XL:     1   Next: 41%
Magic:  5/5        EV: 17    Int: 16    God:
Gold:   5          SH:  0    Dex: 15    Spells: 6/6 levels left

rFire   . . .        a - +1 dagger
rCold   . . .        (no shield)
rNeg    . . .        b - +0 robe
rPois   .            (helmet restricted)
rElec   .            (no cloak)
rCorr   .            (gloves unavailable)
SInv    +            (boots unavailable)
Will    .....        (no amulet) Stlth
                     (no ring)
HPRegen 0.22/turn    (no ring)
MPRegen 0.09/turn

%: no teleportation
@: berserking, very quick
A: very small, no large weapons, unfitting armour, see invisible, speed 3
a: no special abilities


You were in the Dungeon.
You visited 1 branch You collected 5 gold pieces.

Inventory:

Hand Weapons
 a - a +1 dagger (weapon)
Armour
 b - a +0 robe (worn)
Scrolls
 i - a scroll of blinking
Potions
 c - 2 potions of invisibility
 d - a potion of curing
 e - a potion of heal wounds
 f - a potion of haste
 g - 2 potions of magic
 j - a potion of might {unknown}


   Skills:
 + Level 1.3 Short Blades
 + Level 3.0 Dodging
 + Level 5.1 Stealth
 + Level 3.0 Spellcasting
 + Level 4.2 Hexes


You had 6 spell levels left.
You didn't know any spells.
Your spell library contained the following spells:

 Spells                   Type           Power      Damage    Failure   Level
 Confusing Touch          Hex            16%        N/A       10%         3
 Tukima's Dance           Hex            16%        N/A       10%         3
 Ensorcelled Hibernation  Hex/Ice        18%        N/A       12%         2
 Dazzling Flash           Conj/Hex       18%        N/A       24%         3


Dungeon Overview and Level Annotations

Branches:
Dungeon (1/1)

Altars:


Innate Abilities, Weirdness & Mutations

You are very small and have problems with some larger weapons.
You are too small for most types of armour.
You have supernaturally acute eyesight. (SInv)
You cover ground extremely quickly. (Speed+++)


Message History

Found 5 gold pieces.
The helpless endoplasm fails to defend itself.
You puncture the endoplasm!
You kill the endoplasm!
Your Hexes skill increases to level 4!
The helpless rat fails to defend itself.
You puncture the rat!
You kill the rat!
Your Stealth skill increases to level 5!
You now have 5 gold pieces.
Found a puce potion.
A rat comes into view.
The rat squeaks loudly.
A rat comes into view.
The rat closely misses you.
You hit the rat.
The rat is heavily wounded.
The rat misses you.
You barely miss the rat.
The rat is heavily wounded.
The rat completely misses you.
You hit the rat.
You kill the rat!
Your Spellcasting skill increases to level 3!
The helpless rat fails to defend itself.
You impale the rat!!
You kill the rat!
Your Dodging skill increases to level 3!
j - a puce potion A human comes into view.
A wolf comes into view.
The wolf howls!
The human shouts!
The wolf attacks as it pursues you! The wolf completely misses you.
A red film seems to cover your vision as you go berserk!
You feel yourself moving faster!
You feel mighty! The wolf bites you!
Ouch! That really hurt!
The wolf bites you!
Ouch! That really hurt!
You die...

▓...#......##
▓..##.......# .#
▓##.##.##...# ..#
##.##.###..# #..#
▓#.####.##..# ...+
▓.###..##..## #p..#
▓#.....##..###....#
###..##...##.....#
##..##...@#......#
#..###..##h#.....#
#..# #..#####....#
▓▓▓▓ ▓▓▓▓ ▓▓▓▓▓


You could see a wolf.

Vanquished Creatures
  An endoplasm (D)
  3 rats (D)
4 creatures vanquished.

Notes
Turn   | Place    | Note
-------+----------+-------------------------------------------
     0 | D        | fozzywoppz the Spriggan Enchanter began the quest for the
                  | Orb.
     0 | D        | Reached XP level 1. HP: 9/9 MP: 5/5
    12 | D        | Reached skill level 5 in Stealth
    58 | D        | Noticed a wolf
    63 | D        | Slain by a wolf

Illustrated notes

Levels and vault maps discovered:
D:        dungeon_sprint_mu [sprint_mu_entry_cave, sprint_mu_temple_rooms,
          sprint_mu_d1_spiders, sprint_mu_d2_genie, sprint_mu_d3_branching,
          sprint_mu_orc_legion, sprint_mu_elf_gauntlet, sprint_mu_hive_nellie,
          sprint_mu_lair_fedhas, sprint_mu_vaults_butterflies,
          sprint_mu_slime_circle, sprint_mu_swamp_cave, sprint_mu_snake_twists,
          sprint_mu_blade_basic, sprint_mu_crypt_fortress,
          sprint_mu_tomb_spiral, sprint_mu_vestibule_basic,
          sprint_mu_gehenna_hellfire, sprint_mu_dis_giant,
          sprint_mu_tartarus_statrot, sprint_mu_cocytus_islands, sprint_mu_zot1]

Skill      XL: |  1 |
---------------+----+-----
Hexes          | 4 |  4.2
Stealth        | 5 |  5.1
Spellcasting   | 3 |  3.0
Dodging        | 3 |  3.0
Short Blades   | |  1.3

Action                     || total
---------------------------++-------
  Melee: Dagger            ||     6
    Use: Potion            ||     1
   Stab: Sleeping          ||     3
 Armour: Robe              ||     2
  Dodge: Dodged            ||     4

Table legend: (Time is in decaauts)
 A = Elapsed time spent in this place.
 B = Non-inter-level travel time spent in this place.
 C = Inter-level travel time spent in this place.
 D = Time resting spent in this place.
 E = Time spent auto-exploring this place.
 F = Levels seen in this place.
 G = Mean time per level.
                   A        B        C        D        E       F      G
               +--------+--------+--------+--------+--------+-----+--------+
         Total |     40 |     40 |      0 |      0 |      0 |   1 |   40.0 |
       Dungeon |     40 |     40 |      0 |      0 |      0 |   1 |   40.0 |
               +--------+--------+--------+--------+--------+-----+--------+

Top non-repeatable levels by time:
       D: 40 daAuts
